← All builds
Tech / Armada / Economy first / OBSERVED BUILD

Standard tech

Armada Tech (Eco) build order · Supreme Isthmus

Rushes T2 by 4:15, gets Advanced Metal Extractor around 5:28, hands off T2 constructors to Geo and the team, then scales eco and supplies the team's T2 needs through the rest of the game.

Usually first T2 con to Geo (83%)

#eco #t2 #team support · 1593 distinct matches · 254 players · 60% of Armada Tech games · team won 54% of 1902 · Recently observed

HOW TO PLAY IT

Key timing: T2 factory by 4:15

  1. Open 3 mex and heavy wind to fund a fast T2 rush.
  2. Put down Bot Lab, planning to eat it for reclaim soon after.
  3. Get Advanced Bot Lab up, hitting the T2 factory rush timing.
  4. Upgrade mex to Advanced Metal Extractor to lock in team metal income.
  5. Eat Advanced Bot Lab and keep sending cons to Geo and Pond.

Phase by phase

TYPICAL OF ITS 1593 GAMES
  1. 1
  2. 2
  3. 3
  4. 4
PLAY THE OPENING

Follow the example game's first 6:00 step by step: what to build now, what comes next, and where it goes. At 1× it keeps pace with your own game.

  1. 1

    Up to the Bot Lab

    Economy
    • Metal Extractor3Mex
    • Wind Turbine4Wind
    Order
    1. Bot LabBot Lab after 3 mex, 4 winddone ~1:18, middle half 1:13–1:32

    Some games also: energy storage (31%)

    By 1:01 in all: 3 mex · 4 wind

    The example game in this phase · 3 steps
    1. Mex ×3
    2. Wind ×4
    3. Bot LabBot Labdone 1:19 · typical 1:18
  2. 2

    Bot Lab to Advanced Bot Lab

    Economy
    • Metal Extractor1Mex
    • Wind Turbine8Wind
    • Energy Storage1Energy storage
    Order
    1. Advanced Bot LabAdvanced Bot Lab after 4 mex, 12 wind, 3 con turretdone ~4:16, middle half 4:04–4:30
    Builders
    • Construction Turret3 Con turret
    • Lazarus3 Lazarus
    • Construction Bot2 Con bot
    • Construction Bot1 Con bot for allies

    Some games also: converter (36%)

    By 3:19 in all: 4 mex · 12 wind · 1 energy storage · 3 con turret

    The example game in this phase · 12 steps
    1. Energy storage
    2. LazarusLazarus
    3. Wind ×3
    4. Construction BotCon bot
    5. Wind ×4
    6. Construction BotCon bot
    7. Wind
    8. Construction BotCon botfor unknown
    9. Con turret
    10. Mex
    11. Con turret
    12. Advanced Bot LabAdvanced Bot Labdone 4:15 · typical 4:16
  3. 3

    Advanced Bot Lab to 5:00

    Economy
    • Wind Turbine3Wind
    Order
    1. Bot LabEat Bot Lab
    Builders
    • Advanced Construction Bot1 T2 con bot for allies

    Some games also: converter (35%)

    By 5:00 in all: 4 mex · 15 wind · 1 converter · 1 energy storage · 3 con turret

    The example game in this phase · 8 steps
    1. Wind
    2. Bot LabEat Bot Labreclaimed for its metal
    3. Wind ×3
    4. Advanced Construction BotT2 con botfor unknown
    5. Wind ×2
    6. Advanced Metal ExtractorT2 mexdone 5:01 · typical 5:29
    7. Wind ×2
    8. Advanced Metal ExtractorT2 mex
  4. 4

    5:00 to 10:00

    Economy
    • Wind Turbine43Wind
    • Energy Converter6Converter
    Builders
    • Butler9 Butler
    • Advanced Construction Bot4 T2 con bot for allies
    • Advanced Construction Bot1 T2 con bot

    Some games also: con turret (43%) · Butler for allies (37%)

    By 10:00 in all: 4 mex · 58 wind · 8 converter · 1 energy storage · 3 con turret

    The example game in this phase · 171 steps
    1. Wind ×2
    2. Advanced Construction BotT2 con botfor Pond
    3. Wind
    4. GunslingerGunslingerfor Ponddone 6:23
    5. Advanced Metal ExtractorT2 mex
    6. Wind ×2
    7. Advanced Construction BotT2 con botfor Geo sea
    8. Wind ×3
    9. ButlerButler
    10. Wind ×3
    11. ButlerButlerfor Geo sea
    12. Wind
    13. ButlerButler
    14. Wind
    15. ButlerButler
    16. Wind
    17. Advanced Metal ExtractorT2 mex
    18. Wind
    19. ButlerButler
    20. Wind
    21. ButlerButler
    22. Wind ×2
    23. ButlerButler
    24. Wind ×3
    25. ButlerButler
    26. Wind
    27. ButlerButler
    28. Wind ×4
    29. ButlerButler
    30. Wind
    31. Converter
    32. ButlerButler
    33. Wind ×4
    34. ButlerButler
    35. Converter
    36. Wind ×2
    37. Converter
    38. Wind
    39. Converter
    40. ButlerButler
    41. Wind ×3
    42. Converter
    43. Wind ×5
    44. Converter
    45. Wind ×2
    46. Converter
    47. Wind ×4
    48. Advanced Construction BotT2 con bot
    49. Wind ×3
    50. Converter
    51. Wind
    52. Converter
    53. Wind ×6
    54. Con turret
    55. Wind ×2
    56. Converter
    57. Wind ×2
    58. Converter
    59. Wind ×5
    60. Converter
    61. Wind ×2
    62. Converter
    63. Wind ×3
    64. Converter
    65. Wind ×3
    66. Converter
    67. Wind ×3
    68. CitadelAnti-nukedone 11:36
    69. Wind ×3
    70. Con turret
    71. Wind ×2
    72. Converter
    73. Wind
    74. ArchangelArchangeldone 10:20
    75. Converter
    76. Wind ×7
    77. Con turret
    78. Wind ×2
    79. Converter
    80. Wind
    81. Converter
    82. Wind ×2
    83. ArchangelArchangel
    84. Wind ×3
    85. Converter ×2
    86. Wind ×5
    87. Converter
    88. Wind ×3
    89. Converter
    90. Wind ×2
    91. Con turret
    92. Wind ×4
    93. Converter ×2
    94. Wind
    95. Converter
    96. Advanced Construction BotT2 con bot
    97. Wind ×8
    98. Converter
    99. Wind ×2
    100. Converter
    101. Wind ×6
    102. Converter
    103. Wind ×5
    104. Converter
    105. Wind ×4
    106. Advanced Construction BotT2 con bot
    107. Wind ×2
    108. Converter
    109. Wind ×2
    110. Con turret
    111. Wind ×2
    112. Converter ×2
    113. Advanced Fusion ReactorAdvanced Fusion Reactornot finished by 15:00
    114. Con turret
    115. Converter
    116. Wind
    117. Con turret
    118. Wind ×4
    119. Con turret
    120. Wind ×6
    121. Converter ×2
    122. Wind ×6
    123. Converter
    124. Con turret
    125. Wind ×4
    126. Converter
    127. Wind ×3
    128. Converter
    129. Wind ×4
    130. Converter ×2
    131. Wind ×5
    132. RattlesnakeRattlesnakedone 14:14
    133. Wind ×5
    134. Converter
    135. Wind
    136. Con turret
    137. Wind ×3
    138. Converter
    139. Wind ×4
    140. Converter
    141. Wind ×4
    142. Converter
    143. Wind ×3
    144. Converter
    145. Con turret
    146. Converter
    147. Wind ×4
    148. Advanced Bot LabEat Advanced Bot Labreclaimed for its metal
    149. Wind ×3
    150. Con turret
    151. Wind ×3
    152. Converter
    153. Wind ×4
    154. Con turret
    155. Wind ×2
    156. Converter
    157. Wind ×3
    158. Converter ×2
    159. Wind ×6
    160. Converter
    161. Wind
    162. Converter
    163. Wind ×5
    164. Converter ×2
    165. Wind ×2
    166. Con turret
    167. Wind ×4
    168. RattlesnakeRattlesnake
    169. Wind
    170. Converter
    171. Wind ×6

Counts are medians over the build's games: half of them build more, half fewer. The example game is PrivatePershing's (31 OS, 21/09/2026); pick another.

Team trades

IN AT LEAST 30% OF ITS GAMES

You hand over

  • Construction Bot1 Con bot to Airfirst at 2:23 · in 84% of games
  • Advanced Construction Bot5 T2 con bot to Air or Pond or Geo seafirst at 4:50 · in 99% of games
  • Butler2 Butler to Geo sea or Beach sea or Pondfirst at 9:06 · in 42% of games

You get

  • Hercules1 Light transport from Airfirst at 4:01 · in 86% of games

How it plays out

Typical game of this build, running totals by minute

Metal produced

020k40k
0:005:0010:0015:00

metal

Enemy metal destroyed

050100150
0:005:0010:0015:00

metal

Own metal lost

050100150
0:005:0010:0015:00

metal

1902 games.

Show as table
ByMetal produced: This buildEnemy metal destroyed: This buildOwn metal lost: This build
1:0038300
2:0091500
3:00165200
4:00314300
5:00484800
6:00580100
7:00723000
8:00906400
9:001117800
10:001352000
11:001624200
12:001965200
13:002343000
14:0027286074
15:0031512108130
WHAT THE NUMBERS SAY

Standard Tech play barely fights at all early, instead pouring metal into T2 infrastructure and constructors for the team.

  • + Metal produced hits 31679 by 15:00, by far the highest of any role here.
  • + T2 factory reached in 97% of games by 4:15, fastest and most reliable T2 timing.
  • − Enemy metal destroyed stays at 0 through 10:00, no early offense at all.
  • − Own metal lost also near 0, showing total avoidance of combat risk.
THE EXAMPLE YOU ARE READING

PrivatePershing

31.4 OS · 21/09/2026

Open source match ↗

7 received units
4245 metal received · 44001 energy received

Allied construction assistance is unknown. Timings are observations, not a promise of solo reproducibility.

Typical milestones

Bot Lab1:18Middle 50%: 1:13–1:32 · n=1902
Advanced Bot Lab4:16Middle 50%: 4:04–4:30 · n=1895
Advanced Metal Extractor5:29Middle 50%: 5:05–5:59 · n=1898

Played most by

Amrissa96games of this buildTheGeneraI70games of this buildAdeus57games of this buildEl_Turco55games of this buildKOT_44games of this build